 Dungeon Crawl Stone Soup version 0.27-a0-1219-g958d993ae5 (webtiles) character file.

Game seed: 12096868530251249719

56 Shayle the Skirmisher (level 3, -2/39 HPs)
             Began as an Ogre Warper on June 6, 2021.
             Slain by an iguana (4 damage)
             ... on level 2 of the Dungeon.
             The game lasted 00:05:37 (1796 turns).

Shayle the Skirmisher (Ogre Warper)                 Turns: 1796, Time: 00:05:38

Health: -2/39      AC:  4    Str: 15    XL:     3   Next: 97%
Magic:  6/6        EV: 10    Int: 15    God:
Gold:   75         SH:  0    Dex:  8    Spells: 1/6 levels left

rFire    . . .     SeeInvis .   a - +0 spear
rCold    . . .     Faith    .   (no shield)
rNeg     . . .     Spirit   .   b - +0 robe
rPois    .         Reflect  .   (helmet restricted)
rElec    .         Harm     .   k - +0 cloak
rCorr    .         Rampage  .   (gloves unavailable)
Will     .....                  (boots unavailable)
Stlth    +.........             (no amulet)
HPRegen  0.13/turn              (no ring)
MPRegen  0.10/turn              (no ring)

@: no status effects
A: large, unfitting armour, tough skin 1
a: no special abilities


You were on level 2 of the Dungeon.
You visited 1 branch of the dungeon, and saw 2 of its levels.

You collected 75 gold pieces.

Inventory:

Hand Weapons
 a - a +0 spear (weapon)
Missiles
 c - 5 poisoned darts (quivered)
 e - 4 boomerangs of dispersal
Armour
 b - a +0 robe (worn)
 k - a +0 cloak (worn)
Scrolls
 d - a scroll of blinking
 f - 3 scrolls of identify {unknown}
 i - a scroll of noise {unknown}
 j - a scroll of teleportation {unknown}
 l - a scroll of silence {unknown}
 m - a scroll of amnesia {unknown}
Potions
 g - a potion of berserk rage {unknown}
 h - a potion of haste {unknown}


   Skills:
 + Level 3.7 Fighting
 + Level 2.9 Polearms
 - Level 1.0 Throwing
 + Level 2.8 Dodging
 - Level 2.4 Spellcasting
 - Level 2.6 Translocations


You had one spell level left.
You knew the following spells:

 Your Spells              Type           Power      Damage    Failure   Level
a - Blink                 Tloc           N/A        N/A       11%         2
b - Teleport Other        Tloc           9%         N/A       22%         3

Your spell library contained the following spells:

 Spells                   Type           Power      Damage    Failure   Level
 Gell's Gravitas          Tloc           4%         N/A       22%         3
 Lesser Beckoning         Tloc           4%         N/A       22%         3
 Manifold Assault         Tloc           9%         N/A       89%         5


Dungeon Overview and Level Annotations

Branches:
Dungeon (2/15)

Altars:


Innate Abilities, Weirdness & Mutations

You are too large for most types of armour.
You have tough skin. (AC +1)


Message History

The adder is severely wounded.
The adder misses you. The adder bites you.
You hit the adder but do no damage.
The adder is severely wounded.
The adder bites you.
You are poisoned.
The adder poisons you!
You miss the adder.
The adder is severely wounded.
You feel sick. The adder barely misses you.
You closely miss the adder.
The adder is severely wounded.
You feel sick. The adder barely misses you.
You closely miss the adder.
The adder is severely wounded.
You feel sick. The adder barely misses you.
You closely miss the adder.
The adder is severely wounded.
You feel sick. The adder bites you.
You are more poisoned.
The adder poisons you! The adder bites you.
You hit the adder.
You kill the adder!
You feel sick.
You closely miss the iguana.
You feel sick. The iguana bites you.
You hit the iguana but do no damage.
You feel sick. The iguana bites you.
You barely miss the iguana.
You feel sick. The iguana closely misses you.
You hit the iguana.
The iguana is lightly wounded.
You feel sick. The iguana bites you.
You hit the iguana.
The iguana is lightly wounded.
You feel sick. The iguana bites you!
* * * LOW HITPOINT WARNING * * *
You hit the iguana.
The iguana is moderately wounded.
You feel sick.
You are no longer poisoned.
The iguana bites you.
You die...

#.........
#..#######
######..##
.........#
.#####...#
#...#
###.# #.#
#@# #l#
#K# #.#
... #..
... #..#


You could see an iguana and a kobold.

Vanquished Creatures
  An adder (D:2)
  A worm (D:2)
  2 dart slugs (D:1)
  An endoplasm (D:1)
  6 goblins
  2 hobgoblins
  3 jackals (D:1)
  3 quokkas
  2 ball pythons (D:2)
  6 bats
  3 frilled lizards (D:1)
  6 kobolds
  2 rats (D:1)
38 creatures vanquished.

Notes
Turn   | Place    | Note
-------+----------+-------------------------------------------
     0 | D:1      | Shayle the Ogre Warper began the quest for the Orb.
     0 | D:1      | Reached XP level 1. HP: 22/22 MP: 3/3
   491 | D:1      | Reached skill level 3 in Fighting
   569 | D:1      | Reached XP level 2. HP: 30/31 MP: 5/5
   936 | D:1      | Reached XP level 3. HP: 31/37 MP: 6/6
  1526 | D:2      | Learned a level 2 spell: Blink
  1530 | D:2      | Learned a level 3 spell: Teleport Other
  1796 | D:2      | Slain by an iguana

Illustrated notes

Levels and vault maps discovered:
D:1:      lemuel_arrival_broad_hall, layout_basic
D:2:      layout_loops_ring, minmay_misc_feat_roman, minmay_lizard_king,
          uniq_terence

Skill      XL: |  1 |
---------------+----+-----
Fighting       | 3 |  3.7
Polearms       | |  2.9
Throwing       | |  1.0
Dodging        | |  2.8
Spellcasting   | |  2.4
Translocations | |  2.6

Action                   || total
-------------------------++-------
Melee: Spear             ||   138
Throw: Dart              ||    63
       Boomerang         ||     1
Armor: Robe              ||    59
Dodge: Dodged            ||    93

Table legend: (Time is in decaauts)
 A = Elapsed time spent in this place.
 B = Non-inter-level travel time spent in this place.
 C = Inter-level travel time spent in this place.
 D = Time resting spent in this place.
 E = Time spent auto-exploring this place.
 F = Levels seen in this place.
 G = Mean time per level.
                   A        B        C        D        E       F      G
               +--------+--------+--------+--------+--------+-----+--------+
         Total |   1790 |   1778 |     12 |    375 |    848 |   2 |  895.0 |
       Dungeon |   1790 |   1778 |     12 |    375 |    848 |   2 |  895.0 |
               +--------+--------+--------+--------+--------+-----+--------+

Top non-repeatable levels by time:
     D:1: 1425 daAuts
     D:2: 365 daAuts
